 Dungeon Crawl Stone Soup version 0.25.1-2-g60ff931df9 (webtiles) character file.

Game seed: 16683900640978134162

23266 Almogavar the Protected (level 12, -2/113 HPs)
             Began as a Minotaur Berserker on Aug 28, 2020.
             Was a High Priest of Trog.
             Slain by a meliai
             ... wielding a +0 hand axe
              (13 damage)
             ... on level 4 of the Lair of Beasts.
             The game lasted 01:01:17 (17581 turns).

Almogavar the Protected (Minotaur Berserker)       Turns: 17581, Time: 01:01:17

Health: -2/113     AC: 16    Str: 26    XL:     12   Next: 70%
Magic:  20/20      EV: 16    Int:  6    God:    Trog [*****.]
Gold:   826        SH:  4    Dex: 11    Spells: 11/11 levels left

rFire    . . .     SeeInvis .   B - +8 whip "Snakebite" {curare, rPois}
rCold    . . .     Gourm    .   n - +0 buckler
rNeg     . . .     Faith    .   v - +0 chain mail of Ucaphet {MR+ MP+9 Int+2}
rPois    +         Spirit   .   (helmet restricted)
rElec    .         Reflect  .   s - +0 cloak
rCorr    .         Harm     .   U - +0 pair of gloves
MR       +....                  (no boots)
Stlth    ..........             u - amulet of magic regeneration
HPRegen  0.28/turn              D - +4 ring of evasion
MPRegen  0.42/turn              (no ring)

@: about to teleport
A: retaliatory headbutt, horns 2
a: Berserk, Trog's Hand, Brothers in Arms, Renounce Religion


You were on level 4 of the Lair of Beasts.
You worshipped Trog.
Trog was extremely pleased with you.
You were hungry.

You visited 2 branches of the dungeon, and saw 15 of its levels.

You collected 826 gold pieces.

Inventory:

Hand Weapons
 d - a +0 mace of draining
 f - a +0 hunting sling
 j - a +2 shortbow of flaming
 A - a +5 mace
 B - the +8 whip "Snakebite" (weapon) {curare, rPois}
   (You found it on level 4 of the Lair of Beasts)

   It poisons the flesh of those it strikes.
   It protects you from poison.
 V - a +3 dire flail of flaming
Missiles
 o - 97 sling bullets
 E - 9 silver boomerangs (quivered)
 G - 2 boomerangs
 H - 207 arrows
Armour
 n - a +0 buckler (worn)
 s - a +0 cloak (worn)
 v - the +0 chain mail of Ucaphet (worn) {MR+ MP+9 Int+2}
   (You found it on level 5 of the Dungeon)

   It affects your intelligence (+2).
   It affects your resistance to hostile enchantments.
   It affects your magic capacity (+9).
 O - a +0 plate armour
 U - a +0 pair of gloves (worn)
Jewellery
 u - an amulet of magic regeneration (around neck)
 D - a +4 ring of evasion (left hand)
Wands
 l - a wand of iceblast (20)
 q - a wand of paralysis (4)
 x - a wand of disintegration (37)
 J - a wand of acid (20)
 L - a wand of enslavement (8)
 M - a wand of clouds (6)
 P - a wand of digging (4)
Scrolls
 h - 4 scrolls of fog
 i - 4 scrolls of remove curse
 r - 3 scrolls of fear
 y - 3 scrolls of blinking
 z - 5 scrolls of teleportation
 F - a scroll of magic mapping
 Q - a scroll of torment
 R - 3 scrolls of enchant armour
 S - 4 scrolls of enchant weapon
 T - 3 scrolls of immolation
 Y - a scroll of silence {unknown}
Potions
 a - 3 potions of magic
 b - a potion of cancellation
 e - 5 potions of curing
 g - a potion of lignification
 k - a potion of might {unknown}
 m - 3 potions of heal wounds {unknown}
 p - 3 potions of stabbing {unknown}
 t - a potion of invisibility {unknown}
 w - a potion of resistance {unknown}
 C - 3 potions of mutation {unknown}
 I - 2 potions of degeneration {unknown}
 K - a potion of ambrosia {unknown}
 N - 3 potions of haste
 W - a potion of flight {unknown}
Comestibles
 c - 18 rations


   Skills:
 + Level 12.4 Fighting
 - Level 14.2 Maces & Flails
 + Level 14.9 Armour
 + Level 6.8 Dodging
 - Level 4.1 Shields
 + Level 0.9 Evocations


You had 11 spell levels left.
You didn't know any spells.
Your spell library was empty.

Dungeon Overview and Level Annotations

Branches:
Dungeon (10/15)            Temple (0/1) D:5            Lair (5/6) D:8
 Shoals (0/4) Lair:4       Spider (0/4) Lair:4          Orc (0/2) D:9
  Slime: Lair:5-6

Altars:
Cheibriados
Fedhas
Hepliaklqana
Kikubaaqudgha
Makhleb
Okawaru
Vehumet
Xom


Innate Abilities, Weirdness & Mutations

You reflexively headbutt those who attack you in melee.
You have a pair of horns on your head.


Message History

You kill the killer bee!
Trog accepts your kill. The killer bee closely misses you.
The meliai closely misses you. You furiously retaliate!
You headbutt the meliai. The meliai barely misses you.
The killer bee misses you.
The killer bee stings you but does no damage.
You block the killer bee's attack.
The killer bee rages.
The killer bee completely misses you. You furiously retaliate!
You headbutt the killer bee. The killer bee misses you.
The meliai hits you with a +0 hand axe!
* * * LOW HITPOINT WARNING * * *
The meliai stings you.
* * * LOW HITPOINT WARNING * * *
The killer bee stings you but does no damage.
A mysterious force pulls you upwards. The hatch slams shut behind you.
As you read the scroll of teleportation, it crumbles to dust.
You feel strangely unstable. The killer bee closely misses you.
The meliai closely misses you. The meliai stings you!
You die...

##...............#...####....
##................#....⌠....#
#.................##.........
##.<................#..>..#..
##.................#.##.##...
#.....##..P##....##..P##.....
##....###.###.....#...P#.....
###≈...#≈#..###y....#....#.....
#...≈...≈...##@y...##....#.....
###≈≈≈≈.#≈...###y...##....#.....
#.##≈.#≈##≈..###y...#P..........
##.#≈..≈#....##...........#.....
##..≈..>.≈...####..........#.....
#....≈≈..#≈.### #....###.........
###.#≈.≈≈##≈#.###....#..#........
##.###.≈≈≈#≈...÷.................
#.#.≈.≈..≈≈....##P#..##.PP#..####


You could see a meliai (berserk) and 3 killer bees.

Vanquished Creatures
  A dire elephant (Lair:3)
  A two-headed ogre (D:10)
  A lindwurm (Lair:4)
  An ugly thing (D:9)
  2 black mambas
  16 elephants (Lair:3)
  4 spiny frogs
  4 komodo dragons
  2 meliai (Lair:5)
  A troll (D:9)
  4 blink frogs (Lair:3)
  4 hippogriffs
  A spriggan (Lair:3)
  3 wyverns
  14 yaks
  A basilisk (Lair:4)
  A steam dragon (D:8)
  A warg (D:9)
  12 water moccasins
  2 ice beasts
  2 porcupines (Lair:4)
  2 black bears
  2 phantoms
  3 orc warriors
  A sky beast (D:6)
  A wolf (D:8)
  7 ogres
  4 centaurs
  12 crocodiles
  10 bullfrogs
  5 scorpions
  20 killer bees
  3 wights (D:6)
  5 howler monkeys
  A bullfrog zombie (D:8)
  2 crimson imps
  A centaur zombie (D:9)
  10 orc priests
  4 hounds
  8 orc wizards
  2 iguanas (D:8)
  4 worker ants
  A killer bee zombie (D:9)
  3 worker ant zombies (D:5)
  3 gnolls (D:9)
  23 adders
  2 howler monkey skeletons
  2 shadow imps
  3 white imps (D:8)
  A worker ant simulacrum (D:8)
  An ufetubus (D:8)
  2 oozes
  2 adder zombies
  2 worms
  2 dart slugs
  7 leopard geckos
  44 orcs
  8 giant cockroaches
  8 goblins
  4 hobgoblins
  9 jackals
  8 kobolds
  2 quokkas
  A ball python (D:1)
  A ball python zombie (D:5)
  8 bats
  4 frilled lizards
  A jackal skeleton (D:4)
  A leopard gecko skeleton (D:5)
  A leopard gecko zombie (D:9)
  A quokka zombie (D:5)
  6 rats
346 creatures vanquished.

Vanquished Creatures (others)
  A white imp (D:8)
  59 fungi (Lair:3)
  23 plants (Lair:3)
83 creatures vanquished.

Grand Total: 429 creatures vanquished

Notes
Turn   | Place    | Note
-------+----------+-------------------------------------------
     0 | D:1      | Almogavar the Minotaur Berserker began the quest for the
                  | Orb.
     0 | D:1      | Reached XP level 1. HP: 19/19 MP: 0/0
   335 | D:1      | Reached XP level 2. HP: 22/27 MP: 1/1
  1033 | D:1      | Reached ** piety under Trog
  1033 | D:1      | Reached XP level 3. HP: 29/33 MP: 2/2
  1316 | D:2      | Reached XP level 4. HP: 38/41 MP: 3/3
  1350 | D:2      | Found a radiant altar of Vehumet.
  1360 | D:2      | Found a snail-covered altar of Cheibriados.
  1366 | D:2      | Found a hazy altar of Hepliaklqana.
  1384 | D:2      | Found a blossoming altar of Fedhas.
  1409 | D:2      | Reached skill level 5 in Maces & Flails
  2179 | D:3      | Reached XP level 5. HP: 47/47 MP: 4/4
  2382 | D:3      | Found an ancient bone altar of Kikubaaqudgha.
  2465 | D:3      | Found an iron altar of Okawaru.
  2908 | D:4      | Noticed a phantom
  2929 | D:4      | Killed a phantom
  2929 | D:4      | Reached skill level 5 in Fighting
  2929 | D:4      | Reached XP level 6. HP: 53/56 MP: 5/5
  3110 | D:4      | Found a burning altar of Makhleb.
  3110 | D:4      | Found a shimmering altar of Xom.
  4009 | D:5      | Entered Level 5 of the Dungeon
  4022 | D:5      | Got an ichor-stained chain mail
  4148 | D:5      | Found a staircase to the Ecumenical Temple.
  4215 | D:5      | Reached *** piety under Trog
  4280 | D:5      | Reached XP level 7. HP: 52/61 MP: 6/6
  4616 | D:5      | Identified the cursed +0 chain mail of Ucaphet {MR+ MP+9
                  | Int+2} (You found it on level 5 of the Dungeon)
  4860 | D:5      | Reached skill level 1 in Shields
  5545 | D:6      | Reached skill level 5 in Armour
  5653 | D:6      | Reached XP level 8. HP: 70/70 MP: 7/7
  6214 | D:6      | Reached **** piety under Trog
  7288 | D:7      | Reached XP level 9. HP: 65/79 MP: 8/8
  7292 | D:7      | Reached skill level 10 in Maces & Flails
  7886 | D:7      | Reached skill level 5 in Dodging
  9219 | D:8      | Reached XP level 10. HP: 70/88 MP: 9/9
  9484 | D:8      | Found a staircase to the Lair.
  9924 | D:9      | Reached ***** piety under Trog
  9925 | D:9      | Found a staircase to the Orcish Mines.
  9938 | D:9      | Reached skill level 10 in Armour
  9959 | D:9      | Noticed a red ugly thing
  9970 | D:9      | Killed a red ugly thing
 10609 | D:10     | Entered Level 10 of the Dungeon
 10734 | D:10     | Noticed a two-headed ogre
 10746 | D:10     | Killed a two-headed ogre
 11860 | Lair:1   | Entered Level 1 of the Lair of Beasts
 11962 | Lair:1   | Reached XP level 11. HP: 78/97 MP: 10/10
 13436 | Lair:2   | Reached skill level 10 in Fighting
 14472 | Lair:3   | Noticed a dire elephant
 14489 | Lair:3   | Killed a dire elephant
 14795 | Lair:3   | Reached XP level 12. HP: 98/110 MP: 11/11
 14920 | Lair:3   | Received a gift from Trog
 16306 | Lair:4   | Found the +8 whip "Snakebite" {curare, rPois}
 16492 | Lair:4   | Found a hole to the Spider Nest.
 16625 | Lair:4   | Found a staircase to the Shoals.
 17581 | Lair:4   | Slain by a meliai

Illustrated notes

Levels and vault maps discovered:
D:1:      dpeg_arrival_tiny_g, layout_loops_corners
D:2:      layout_rooms, grunt_temple_overflow_cloverleaf
D:3:      layout_loops_corners, nicolae_overflow_hidden_temple, first_ration,
          okawaru_metal_pillars_1_2
D:4:      layout_loops_ring, grunt_temple_overflow_champion_of_chaos
D:5:      minmay_clustersquares, layout_layer_cave, minmay_temple_entry_junction
D:6:      layout_basic
D:7:      layout_gridville
D:8:      layout_cave_pools, erik_lair_dragon, serial_ice, serial_ice_a,
          serial_ice_l, serial_ice_c, serial_ice_h
D:9:      layout_loops_corners, david_orc_3
D:10:     layout_basic
Lair:1:   layout_misc_corridors
Lair:2:   layout_misc_corridors
Lair:3:   mu_elephants_graveyard, layout_regular_city, serial_forest,
          infiniplex_forest_clump_cross, infiniplex_forest_end_3,
          infiniplex_forest_zigzag_1, infiniplex_forest_end_2,
          infiniplex_forest_lined_1, infiniplex_forest_clump_tiny,
          infiniplex_forest_lined_3
Lair:4:   minmay_guarded_unrand_snakebite, layout_regular_city,
          elwin_shoals_entry_rocks, dummy_spider_entry, minivault_25,
          grunt_megastairs_5
Lair:5:   layout_gridlike, minmay_slime_entry_jelly_boxes, special_room
          [special_room_bee], serial_rivers, chequers_serial_rivers_micro_b,
          chequers_serial_rivers_large_a, chequers_serial_rivers_large_b,
          chequers_serial_rivers_micro_e, chequers_serial_rivers_marsh

Skill      XL: |  1  2  3  4  5  6  7  8  9 10 11 12 |
---------------+-------------------------------------+-----
Maces & Flails | 4 5 6 7 8 9 11 12 13 14 | 14.2
Fighting       | 4 5 6 7 8 9 11 12 | 12.4
Armour         | 3 4 5 7 9 11 13 14 | 14.9
Dodging        | 3 4 5 6 |  6.8
Shields        | 1 2 4 |  4.1
Evocations     | |  0.9

Action                   |  1- 3 |  4- 6 |  7- 9 | 10-12 || total
-------------------------+-------+-------+-------+-------++-------
Melee: Mace              |    65 |   126 |   260 |       ||   451
       Headbutt          |    10 |    17 |    62 |   148 ||   237
       Whip              |       |       |    88 |   571 ||   659
       Dire flail        |       |       |       |    53 ||    53
Invok: Trog's Hand       |       |     1 |     1 |       ||     2
       Berserk           |       |       |       |     2 ||     2
Evoke: Wand              |       |       |       |     3 ||     3
  Use: Scroll            |       |     7 |     4 |     9 ||    20
       Potion            |       |       |     3 |       ||     3
 Stab: Sleeping          |     1 |       |       |       ||     1
  Eat: Chunk             |     1 |     8 |    15 |    20 ||    44
       Ration            |       |     1 |       |     2 ||     3
Armor: Animal skin       |     7 |       |       |       ||     7
       Ring mail         |     8 |    41 |     3 |       ||    52
       Chain mail        |       |       |   133 |   173 ||   306
       Skin              |       |       |    82 |       ||    82
Dodge: Dodged            |    50 |    69 |   165 |   217 ||   501
Block: Buckler           |       |     9 |    52 |    75 ||   136
